AoeStats
← IsraDguez

Arabia

504576267Analyzed
2v2 RM · 28d ago on Sep 5, 2026· 45m 44s· 4 players
Game mode
Random Map
Map size
Medium (4 player)
Population
200
Speed
Normal
Resources
Standard
Victory
Conquest
Starting age
Dark Age
Ending age
Imperial Age
RankedLock teamsTeams togetherTeam positionsShared explorationLock speedFull tech treeHidden civsTurbo modeCheats
Victory
Defeat
🇨🇱 Khitans · Chile
1121
+16
🇳🇱 Burmese · Netherlands
1057
+18
🇲🇽 Georgians · Mexico
1128
-18
🇲🇽 Maya · Mexico
1090
-16
King Dario II
10:53 Loom
13:16 Feudal Age
14:47 Man-at-Arms
18:31 Bloodlines
19:13 Scale Barding Armor
20:10 Forging
20:24 Horse Collar
21:41 Double-Bit Axe
27:01 Castle Age
25:46 Stone Mining
26:15 Scale Mail Armor
27:08 Gold Mining
27:10 Pikeman
28:38 Iron Casting
30:40 Chain Mail Armor
32:37 Bow Saw
32:32 Heavy Plow
37:58 Bow Saw
IsraDguez
0:43 Loom
0:47 Loom
9:43 Feudal Age
10:32 Double-Bit Axe
23:31 Castle Age
21:24 Gold Mining
22:05 Horse Collar
24:26 Wheelbarrow
24:42 Pikeman
25:23 Squires
27:58 Hand Cart
36:48 Fletching
36:59 Scale Mail Armor
44:46 Imperial Age
Papá Kiskiviry
6:31 Loom
9:22 Feudal Age
10:08 Double-Bit Axe
14:23 Forging
21:08 Castle Age
21:01 Scale Barding Armor
22:25 Wheelbarrow
22:48 Iron Casting
25:24 Town Watch
26:28 Chain Barding Armor
31:20 Gold Mining
32:21 Husbandry
32:37 Fletching
37:28 Imperial Age
37:01 Hand Cart
37:35 Padded Archer Armor
37:31 Bodkin Arrow
38:53 Leather Archer Armor
39:05 Ballistics
39:46 Chemistry
39:27 Elite Skirmisher
40:25 Elite Steppe Lancer
43:36 Bracer
44:07 Ring Archer Armor
schimmelkaas.snuiver
13:46 Feudal Age
29:46 Castle Age
29:49 Bloodlines
29:53 Pikeman
31:49 Wheelbarrow
Connection lost

Rejoining the realm…

Still unreachable

The connection could not be restored.

Session expired

The server has moved on; the page needs a fresh start.